 Dungeon Crawl Stone Soup version 0.29-a0-284-gf9362112df (webtiles) character file.

Game seed: 1634834893752289543

268 holysushi the Skirmisher (level 6, -3/45 HPs)
             Began as a Demonspawn Fighter on Mar 19, 2022.
             Was a Priest of Hepliaklqana.
             Succumbed to a killer bee's poison
             ... on level 5 of the Dungeon.
             The game lasted 00:05:24 (3328 turns).

holysushi the Skirmisher (Demonspawn Fighter)       Turns: 3328, Time: 00:05:25

Health: -3/45      AC: 11    Str: 19    XL:     6   Next: 0%
Magic:  6/6        EV: 10    Int:  9    God:    Hepliaklqana [***...]
Gold:   131        SH:  4    Dex: 12    Spells: 5/5 levels left

rFire   + . .      SeeInvis .   a - +0 war axe
rCold   . . .      Faith    .   c - +0 buckler
rNeg    . . .      Spirit   .   b - +0 scale mail
rPois   .          Reflect  .   (helmet restricted)
rElec   .          Harm     .   (no cloak)
rCorr   .          Rampage  .   (no gloves)
Will    .....                   e - +0 pair of boots
Stlth   ..........              (no amulet)
HPRegen 0.15/turn               j - +4 ring of protection
MPRegen 0.10/turn               n - ring of protection from fire

@: lethally poisoned (-3 -> -14)
A: reduced essence, antennae 2, powered by death 1
a: Renounce Religion, Recall Ancestor, Ancestor Identity, Transference


You were on level 5 of the Dungeon.
You worshipped Hepliaklqana.
Hepliaklqana was most pleased with you.
You visited 1 branch of the dungeon, and saw 5 of its levels.

You collected 131 gold pieces.

Inventory:

Hand Weapons
 a - a +0 war axe (weapon)
Missiles
 z - a throwing net (quivered)
Armour
 b - a +0 scale mail (worn)
 c - a +0 buckler (worn)
 e - a +0 pair of boots (worn)
 i - a +0 chain mail
 x - an orb of guile
Jewellery
 f - a ring of fire
 j - a +4 ring of protection (left hand)
 n - a ring of protection from fire (right hand)
Scrolls
 g - 3 scrolls of teleportation {unknown}
 m - 4 scrolls of identify {unknown}
 o - a scroll of blinking {unknown}
 r - a scroll of enchant armour {unknown}
 u - 2 scrolls of fog {unknown}
 y - a scroll of immolation {unknown}
Potions
 d - a potion of might
 h - a potion of degeneration {unknown}
 k - a potion of heal wounds {unknown}
 l - a potion of haste {unknown}
 p - a potion of curing {unknown}
 q - a potion of lignification {unknown}
 s - 2 potions of attraction {unknown}
 t - a potion of brilliance {unknown}
 v - a potion of flight {unknown}
 w - a potion of mutation {unknown}


   Skills:
 + Level 4.8 Fighting
 + Level 2.9 Axes
 - Level 2.6 Armour
 + Level 2.1 Dodging
 + Level 3.6 Shields


You had 5 spell levels left.
You didn't know any spells.
Your spell library contained the following spells:

 Spells                   Type           Power      Damage    Failure   Level
 Corpse Rot               Necr/Air       0%         N/A       94%         2
 Ozocubu's Armour         Ice            0%         N/A       99%         3
 Dispel Undead            Necr           0%         3d6       100%        4
 Death Channel            Necr           0%         N/A       100%        6
 Ozocubu's Refrigeration  Ice            0%         4d5       100%        7


Dungeon Overview and Level Annotations

Branches:
Dungeon (5/15)
 Temple: D:4-7

Altars:
Hepliaklqana

Shops:
D:2 (


Innate Abilities, Weirdness & Mutations

Your life essence is reduced to manifest your ancestor. (-10% HP)
You have a pair of antennae on your head.
You regenerate a little health from kills.


Message History

Joseph Joestar barely misses the killer bee.
You closely miss the killer bee.
The killer bee stings you but does no damage.
Joseph Joestar blocks something's attack.
Joseph Joestar blocks the killer bee's attack.
The killer bee closely misses you.
Joseph Joestar blocks something's attack.
The killer bee stings Joseph Joestar!
Joseph Joestar is destroyed!
The killer bee barely misses you.
You barely miss the killer bee. You block the killer bee's attack.
The killer bee closely misses you. x2
Unknown command.
You miss the killer bee. The killer bee stings you.
The killer bee closely misses you.
Unknown command.
You barely miss the killer bee.
The killer bee stings you but does no damage.
The killer bee stings you.
The killer bee stings you but does no damage.
Unknown command.
You miss the killer bee. You block the killer bee's attack.
The killer bee stings you but does no damage.
The killer bee barely misses you.
Unknown command.
You closely miss the killer bee. The killer bee stings you!
* * * LOW HITPOINT WARNING * * *
The killer bee stings you but does no damage. x2
Unknown command.
You barely miss the killer bee. The killer bee stings you.
* * * LOW HITPOINT WARNING * * *
You are lethally poisoned!
The killer bee poisons you! The killer bee stings you.
* * * LOW HITPOINT WARNING * * *
You are more poisoned.
The killer bee poisons you!
The killer bee stings you but does no damage.
You slash the killer bee!
The killer bee is moderately wounded.
You die...

############ #..........#
#.....####'### ##.....#
#....# ... .......# #....#
... .......###....# ....
............#### .....
...............######.....
.....#.........+@yy.......
.....#.........###y.......
.....#>...........{.......
#....#.##.........y.......
#........................#
.......#.................#
....#.....................
.####.....................
..........................


You could see 3 killer bees.

Vanquished Creatures
  An adder (D:2)
  3 gnolls (D:5)
  A white imp (D:5)
  An orc (D:3)
  5 ball pythons
  5 endoplasms
  2 giant cockroaches (D:1)
  2 goblins (D:1)
  5 hobgoblins
  3 jackals
  3 quokkas
  2 bats
  2 frilled lizards
  6 kobolds
  3 rats
44 creatures vanquished.

Vanquished Creatures (collateral kills)
  An ice beast (D:5)
  A scorpion (D:4)
  A gnoll (D:5)
  2 worms (D:2)
  A dart slug (D:1)
  2 ball pythons
  A hobgoblin (D:4)
  2 jackals (D:5)
  2 bats (D:1)
  A frilled lizard (D:1)
  2 rats
16 creatures vanquished.

Vanquished Creatures (others)
  A knight (D:5)
1 creature vanquished.

Grand Total: 61 creatures vanquished

Notes
Turn   | Place    | Note
-------+----------+-------------------------------------------
     0 | D:1      | holysushi the Demonspawn Fighter began the quest for the
                  | Orb.
     0 | D:1      | Reached XP level 1. HP: 18/18 MP: 1/1
   226 | D:1      | Found a faded altar of an unknown god.
   243 | D:1      | Gained mutation: You regenerate a little health from kills.
                  | [demonic ancestry]
   243 | D:1      | Reached XP level 2. HP: 20/24 MP: 2/2
   255 | D:1      | Prayed at the altar of an unknown god.
   255 | D:1      | Became a worshipper of Hepliaklqana the Forgotten
   255 | D:1      | Reached * piety under Hepliaklqana
   401 | D:1      | Reached skill level 4 in Fighting
   613 | D:2      | Reached XP level 3. HP: 27/27 MP: 3/3
   822 | D:2      | Found Jivoppul's Weapon Shop.
   827 | D:2      | Reached ** piety under Hepliaklqana
   828 | D:2      | Remembered your ancestor Joseph Joestar as a knight
  2063 | D:4      | Reached *** piety under Hepliaklqana
  2311 | D:4      | Gained mutation: You have a pair of small antennae on your
                  | head. [demonic ancestry]
  2311 | D:4      | Reached XP level 4. HP: 29/33 MP: 4/4
  2382 | D:4      | Noticed a scorpion
  2386 | D:4      | Killed a scorpion
  2387 | D:4      | Reached skill level 1 in Dodging
  2775 | D:5      | Entered Level 5 of the Dungeon
  2886 | D:5      | Reached XP level 5. HP: 38/38 MP: 5/5
  2916 | D:5      | Noticed an ice beast
  2925 | D:5      | Killed an ice beast
  2928 | D:5      | Gained mutation: You have a pair of antennae on your head.
                  | [demonic ancestry]
  2928 | D:5      | Reached XP level 6. HP: 9/45 MP: 6/6
  3327 | D:5      | HP: 1/45 [killer bee (5)]
  3328 | D:5      | Succumbed to a killer bee's poison

Illustrated notes

Levels and vault maps discovered:
D:1:      minmay_arrival_radiant_lines, layout_rooms, basic_ecumenical_altar
D:2:      layout_basic, serial_shops, shop
D:3:      layout_basic
D:4:      layout_basic, serial_rivers, chequers_serial_rivers_small_a,
          chequers_serial_rivers_room_b, chequers_serial_rivers_micro_e,
          chequers_serial_rivers_micro_d, chequers_serial_rivers_room_a,
          chequers_serial_rivers_large_b
D:5:      kennysheep_steamy, layout_basic

Skill      XL: |  1  2  3  4  5 |
---------------+----------------+-----
Fighting       | 4 |  4.8
Axes           | 2 |  2.9
Shields        | 3 |  3.6
Dodging        | 1 2 |  2.1
Armour         | |  2.6

Action                   |  1- 3 |  4- 6 || total
-------------------------+-------+-------++-------
Melee: War axe           |   111 |    45 ||   156
Invok: Ancestor Identity |     2 |       ||     2
       Ancestor Life: Kn |     1 |       ||     1
Armor: Scale mail        |    58 |    44 ||   102
Dodge: Dodged            |    57 |    40 ||    97
Block: Buckler           |    36 |    10 ||    46

Table legend: (Time is in decaauts)
 A = Elapsed time spent in this place.
 B = Non-inter-level travel time spent in this place.
 C = Inter-level travel time spent in this place.
 D = Time resting spent in this place.
 E = Time spent auto-exploring this place.
 F = Levels seen in this place.
 G = Mean time per level.
                   A        B        C        D        E       F      G
               +--------+--------+--------+--------+--------+-----+--------+
         Total |   3424 |   3369 |     55 |    312 |   2477 |   5 |  684.8 |
       Dungeon |   3424 |   3369 |     55 |    312 |   2477 |   5 |  684.8 |
               +--------+--------+--------+--------+--------+-----+--------+

Top non-repeatable levels by time:
     D:4: 1043 daAuts
     D:2: 660 daAuts
     D:1: 579 daAuts
     D:3: 572 daAuts
     D:5: 569 daAuts
